 Dungeon Crawl Stone Soup version 0.28.0-53-g5a82cb258f (webtiles) character file.

Game seed: 384687528480128487

18 RevDB the Chopper (level 2, -1/27 HPs)
             Began as a Hill Orc Monk on June 29, 2022.
             Succumbed to an adder's poison
             ... on level 2 of the Dungeon.
             The game lasted 00:09:39 (1040 turns).

RevDB the Chopper (Hill Orc Monk)                   Turns: 1040, Time: 00:09:40

Health: -1/27      AC:  6    Str: 13    XL:     2   Next: 66%
Magic:  2/2        EV: 11    Int: 10    God:
Gold:   31         SH:  0    Dex: 13    Spells: 1/1 levels left

rFire   . . .      SeeInvis .   a - +1 hand axe
rCold   . . .      Faith    .   (no shield)
rNeg    . . .      Spirit   .   e - +1 ring mail
rPois   .          Reflect  .   (no helmet)
rElec   .          Harm     .   (no cloak)
rCorr   .          Rampage  .   (no gloves)
Will    .....                   (no boots)
Stlth   ..........              (no amulet)
HPRegen 0.09/turn               (no ring)
MPRegen 0.08/turn               (no ring)

@: lethally poisoned (-1 -> -6), silenced
A: no striking features
a: no special abilities


You were on level 2 of the Dungeon.
You visited 1 branch of the dungeon, and saw 2 of its levels.

You collected 31 gold pieces.

Inventory:

Hand Weapons
 a - a +1 hand axe (weapon)
 g - a +1 dagger of venom
Missiles
 d - 5 stones (quivered)
 h - 2 poisoned darts
Armour
 b - a +0 robe
 e - a +1 ring mail (worn)
Scrolls
 f - a scroll of immolation
Potions
 c - a potion of flight


   Skills:
 + Level 3.9 Fighting
 + Level 4.3 Axes
 + Level 1.0 Armour
 - Level 2.4 Dodging
 - Level 1.5 Stealth
 + Level 1.3 Invocations


You had one spell level left.
You didn't know any spells.
Your spell library was empty.

Dungeon Overview and Level Annotations

Branches:
Dungeon (2/15)

Altars:


Message History

The adder is moderately wounded.
You feel sick. The adder bites you but does no damage.
The adder completely misses you.
You closely miss the adder.
The adder is moderately wounded.
You feel sick.
You are no longer poisoned.
The adder bites you but does no damage.
You hit the adder but do no damage.
The adder is moderately wounded.
The adder bites you.
You closely miss the adder.
The adder is moderately wounded.
The adder bites you but does no damage. The adder bites you.
You are poisoned.
The adder poisons you!
You hit the adder.
The adder is severely wounded.
* * * LOW HITPOINT WARNING * * *
You feel sick. The adder completely misses you.
Press: ? - help, . - travel You can't see that place.
You miss the adder.
The adder is severely wounded.
* * * LOW HITPOINT WARNING * * *
You feel sick. The adder bites you but does no damage.
The adder barely misses you.
You feel sick.
You feel sick.
You feel sick.
You see here a +0 scale mail.
You feel sick.
You are no longer poisoned.
The adder bites you.
* * * LOW HITPOINT WARNING * * *
You are lethally poisoned!
The adder poisons you!
As you read the scroll labelled IMUROCZUEPH, it crumbles to dust.
A profound silence engulfs you.
It was a scroll of silence.
You die...

########
#######......#######
....................
.###...S@.#####
#.......#
.....?....#...#
..........#...#
..........#...#
....#######...# ###.
....# # ....#


You could see an adder.

Vanquished Creatures
  3 endoplasms (D:1)
  3 goblins (D:1)
  3 hobgoblins (D:1)
  A kobold (D:1)
  3 ball pythons (D:1)
  A rat (D:1)
  A spectral kobold (D:1)
15 creatures vanquished.

Notes
Turn   | Place    | Note
-------+----------+-------------------------------------------
     0 | D:1      | RevDB the Hill Orc Monk began the quest for the Orb.
     0 | D:1      | Reached XP level 1. HP: 19/19 MP: 1/1
   333 | D:1      | Reached XP level 2. HP: 27/27 MP: 2/2
   359 | D:1      | Reached skill level 1 in Invocations
   420 | D:1      | Found a faded altar of an unknown god.
   570 | D:1      | Reached skill level 1 in Armour
  1039 | D:2      | HP: 1/27 [adder (1)]
  1040 | D:2      | Succumbed to an adder's poison

Illustrated notes

Levels and vault maps discovered:
D:1:      dpeg_arrival_pits, layout_loops_ring,
          dreamdust_ecumenical_altar_drowned_temple, minivault_5
D:2:      layout_basic, basic_altar

Skill      XL: |  1  2 |
---------------+-------+-----
Invocations    | 1 |  1.3
Armour         | 1 |  1.0
Fighting       | |  3.9
Axes           | |  4.3
Dodging        | |  2.4
Stealth        | |  1.5

Action                   || total
-------------------------++-------
Melee: Hand axe          ||    54
       Punch             ||     1
  Use: Scroll            ||     4
       Potion            ||     3
Armor: Ring mail         ||    16
Dodge: Dodged            ||    28
